 Dungeon Crawl Stone Soup version 0.13-a0-1502-g99810c3 (webtiles) character file.

519 Kae the Sneak (level 6, 0/28 HPs)
             Began as a Spriggan Enchanter on June 8, 2013.
             Was a Follower of Vehumet.
             Killed from afar by an orc wizard (7 damage)
             ... with a magic dart
             ... on Level 5 of the Dungeon.
             The game lasted 00:08:45 (4117 turns).

Kae the Sneak (Spriggan Enchanter)                  Turns: 4117, Time: 00:08:45

HP   0/28        AC  4     Str  6      XL: 6   Next: 90%
MP   8/18        EV 18     Int 17      God: Vehumet [*.....]
Gold 30          SH  0     Dex 16      Spells:  3 memorised,  5 levels left

Res.Fire  : . . .   See Invis. : +   a - +1 dagger {=f}
Res.Cold  : . . .   Warding    : .   b - +1 robe
Life Prot.: + . .   Conserve   : .   (shield restricted)
Res.Poison: .       Res.Corr.  : .   (helmet restricted)
Res.Elec. : .       Clarity    : .   u - +0 cloak
Sust.Abil.: . .     Spirit.Shd : .   (gloves unavailable)
Res.Mut.  : .       Stasis     : .   (boots unavailable)
Res.Rott. : .       Flight     : .   (no amulet)
Saprovore : . . .                    (no ring)
                                     j - ring of life protection {unknown}

@: very quick, somewhat resistant to hostile enchantments, very stealthy
A: unfitting armour, see invisible, herbivore 3, speed 3, slow metabolism 2
a: Renounce Religion


You were on level 5 of the Dungeon.
You worshipped Vehumet.
Vehumet was pleased with you.
You were not hungry.

You visited 1 branch of the dungeon, and saw 5 of its levels.

You collected 127 gold pieces.
You spent 117 gold pieces at shops.

Inventory:

Hand weapons
 a - a +1,+1 dagger (weapon) {=f}
Missiles
 d - 12 darts (quivered)
Armour
 b - a +1 robe (worn)
 u - a +0 cloak (worn)
Magical devices
 t - a wand of draining (4) {unknown}
Comestibles
 i - 3 bread rations
 k - 2 chokos
Scrolls
 g - 6 scrolls of identify
 l - a scroll of enchant armour {unknown}
 m - a scroll of fear {unknown}
 o - a scroll of magic mapping {unknown}
 p - 5 scrolls of teleportation {unknown}
 q - 4 scrolls of remove curse
 w - a scroll of curse weapon {unknown}
Jewellery
 j - a ring of life protection (left hand) {unknown}
 n - an uncursed amulet of warding {unknown}
 x - an uncursed ring of ice {unknown}
Potions
 e - a potion of heal wounds {unknown}
 f - 2 potions of confusion {unknown}
 h - 4 potions of curing {unknown}
 r - a potion of agility {unknown}
 s - a potion of mutation {unknown}
 v - a potion of restore abilities {unknown}
 z - a potion of flight {unknown}
Books
 c - a book of Maledictions

   Spells                             Type                      Level
   *Corona                            Hexes                        1
   Sure Blade                         Hexes/Charms                 2
   *Ensorcelled Hibernation           Hexes/Ice                    2
   *Confuse                           Hexes                        3
   Enslavement                        Hexes                        4
   Invisibility                       Hexes                        6


   Skills:
 + Level 4.3 Short Blades
 - Level 1.1 Throwing
 - Level 3.0 Dodging
 + Level 7.1 Stealth
 + Level 3.0 Spellcasting
 + Level 5.7 Hexes


You had 5 spell levels left.
You knew the following spells:

 Your Spells              Type           Power        Failure   Level  Hunger
a - Corona                Hex            ###....      1%          1    None
b - Ensorcelled Hibernat  Hex/Ice        ##....       10%         2    ##.....
c - Confuse               Hex            ###.....     6%          3    ###....


Dungeon Overview and Level Annotations

Branches:
Dungeon (5/27)
 Temple: D:4-7

Altars:
Cheibriados
Sif Muna
Vehumet
Yredelemnul

Shops:
D:4: * D:5: (

Annotations
D:5 Dowan, Duvessa


Innate Abilities, Weirdness & Mutations

You are tiny and cannot use many weapons and most armour.
You have supernaturally acute eyesight.
You are a herbivore.
You cover ground extremely quickly.
You need consume almost no food.


Message History

The orc misses you.
Unknown command.
Casting: Ensorcelled Hibernation
Confirm with . or Enter, or press ? or * to list all spells.
Aiming: Ensorcelled Hibernation
Press: ? - help, Shift-Dir - straight line, f - orc wizard
Aim: an orc wizard, wielding an orcish short sword and wearing an orcish robe (softly glowing, moving very quickly)
The orc wizard easily resists.
The orc wizard closely misses you.
The orc wizard gestures at you while chanting.
The magic dart hits you!
* * * LOW HITPOINT WARNING * * *
Casting: Ensorcelled Hibernation
Confirm with . or Enter, or press ? or * to list all spells.
Aiming: Ensorcelled Hibernation
Press: ? - help, Shift-Dir - straight line, f/p - orc wizard
Aim: an orc wizard, wielding an orcish short sword and wearing an orcish robe (softly glowing, moving very quickly)
The orc wizard resists.
The orc wizard points at you and mumbles some strange words.
The magic dart hits you!
You die...

#.##.#.#.#.#...#
#.##.........#.#
#.##.#.#.#.#.#.#
#.##.........#.##
####.##.#.#.#.#....#
.....##............#
####.'..#.#.#.#....#
.....##............#
.###.####.......@..#
..# ########o###
+### ##oo# #..##
#.## ####.## #.....#
#.....###
####.......#


You could see an orc wizard and 2 orcs.

Vanquished Creatures
  An ice beast (D:4)
  An ogre (D:5)
  Crazy Yiuf (D:2)
  A hound (D:5)
  A hound skeleton (D:4)
  An iguana (D:4)
  An orc priest (D:4)
  6 adders
  4 gnolls (D:4)
  A giant mite (D:4)
  A worm (D:2)
  A bat skeleton (D:4)
  A bat zombie (D:5)
  2 giant geckos (D:2)
  9 orcs
  5 bats
  8 giant cockroaches
  7 hobgoblins
  9 kobolds
  3 giant newts
  6 goblins
  A goblin skeleton (D:4)
  6 rats
77 creatures vanquished.

Vanquished Creatures (others)
  A gnoll (D:5)
  A hobgoblin (D:4)
2 creatures vanquished.

Grand Total: 79 creatures vanquished

Notes
Turn   | Place    | Note
--------------------------------------------------------------
     0 | D:1      | Kae, the Spriggan Enchanter, began the quest for the Orb.
     0 | D:1      | Reached XP level 1. HP: 9/9 MP: 4/4
   277 | D:1      | Reached XP level 2. HP: 11/13 MP: 6/6
   302 | D:1      | Learned a level 2 spell: Ensorcelled Hibernation
   597 | D:2      | Reached skill level 4 in Hexes
   851 | D:2      | Reached XP level 3. HP: 16/16 MP: 6/9
  1201 | D:2      | Noticed Crazy Yiuf
  1210 | D:2      | Killed Crazy Yiuf
  1210 | D:2      | Reached XP level 4. HP: 21/21 MP: 8/11
  1891 | D:3      | Found a deep blue altar of Sif Muna.
  2014 | D:3      | Reached skill level 5 in Stealth
  2518 | D:4      | Found a basalt altar of Yredelemnul.
  2595 | D:4      | Reached XP level 5. HP: 24/24 MP: 10/13
  2714 | D:4      | Found a radiant altar of Vehumet.
  2728 | D:4      | Became a worshipper of Vehumet
  2745 | D:4      | Found Iveomn's General Store.
  2753 | D:4      | Bought a scroll of identify for 26 gold pieces
  2753 | D:4      | Bought a scroll of remove curse for 39 gold pieces
  2753 | D:4      | Bought a bread ration for 52 gold pieces
  3020 | D:4      | Reached skill level 5 in Hexes
  3038 | D:4      | Found a snail-covered altar of Cheibriados.
  3107 | D:4      | Noticed an ice beast
  3248 | D:4      | Learned a level 3 spell: Confuse
  3268 | D:4      | Killed an ice beast
  3268 | D:4      | Reached skill level 6 in Stealth
  3268 | D:4      | Reached XP level 6. HP: 28/28 MP: 6/17
  3784 | D:5      | Entered Level 5 of the Dungeon
  3882 | D:5      | Noticed Duvessa
  3882 | D:5      | Noticed Dowan
  3908 | D:5      | Found Xuaraa's Antique Weapon Boutique.
  3957 | D:5      | Reached skill level 7 in Stealth
  4097 | D:5      | Acquired Vehumet's first power
  4097 | D:5      | Offered knowledge of Magic Dart by Vehumet.
  4117 | D:5      | Killed from afar by an orc wizard

Action                   |  1- 3 |  4- 6 || total
-------------------------+-------+-------++-------
Melee: Dagger            |    95 |   177 ||   272
 Cast: Ensorcelled Hiber |     6 |    23 ||    29
       Corona            |       |     2 ||     2
       Confuse           |       |     3 ||     3
  Use: Potion            |       |     1 ||     1
 Stab: Sleeping          |     6 |    25 ||    31
       Distracted        |       |     2 ||     2
       Confused          |       |     2 ||     2
